 Dungeon Crawl Stone Soup version 0.31-a0-234-gad7ace16ef (webtiles) character file.

Game seed: 11899639321533067197

11 qw the Shooter (level 2, -1/16 HPs)
             Began as a Gargoyle Hexslinger on July 9, 2023.
             Slain by a frilled lizard (3 damage)
             ... on level 1 of the Dungeon.
             The game lasted 00:00:05 (115 turns).

qw the Shooter (Gargoyle Hexslinger)                 Turns: 115, Time: 00:00:05

Health: -1/16      AC:  4    Str: 11    XL:     2   Next: 29%
Magic:  3/3        EV: 12    Int: 13    God:
Gold:   16         SH:  0    Dex: 12    Spells: 2/3 levels left

rFire   . . .        a - +1 sling
rCold   . . .        (no shield)
rNeg    + . .        c - +0 robe
rPois   inf          (no helmet)
rElec   +            (no cloak)
rCorr   .            (no gloves)
SInv    .            (no boots)
Will    .....        (no amulet)
Stlth   +            (no ring)
HPRegen 0.22/turn    (no ring)
MPRegen 0.08/turn

%: no passive effects
@: no status effects
A: sickness immunity, AC +2, negative energy resistance 1, electricity
resistance, torment resistance 1, petrification resistance
a: no special abilities


You were on level 1 of the Dungeon.
You visited 1 branch of the dungeon, and saw 1 of its levels.

You collected 16 gold pieces.


Innate Abilities, Weirdness & Mutations

You are immune to sickness and miasma.
Your stone body is resilient. (AC +2)
You are immune to poison.
You resist negative energy. (rN+)
You are resistant to electric shocks. (rElec)
You are resistant to unholy torment.
You are immune to petrification.


   Skills:
 - Level 1.1 Fighting
 + Level 2.9 Ranged Weapons
 - Level 1.5 Dodging
 - Level 1.0 Spellcasting
 - Level 2.6 Hexes


You had 2 spell levels left.
You knew the following spells:

 Your Spells              Type           Power      Damage    Failure   Level
a - Slow                  Hex            28%        N/A       10%         1

Your spell library contained the following spells:

 Spells                   Type           Power      Damage    Failure   Level
 Inner Flame              Hex/Fire       4%         N/A       43%         3
 Portal Projectile        Hex/Tloc       8%         N/A       43%         3
 Cause Fear               Hex            3%         N/A       67%         4

Inventory:

Hand Weapons
 a - a +1 sling (weapon)
Armour
 c - a +0 robe (worn)
Scrolls
 b - a scroll of poison
 d - a scroll of enchant weapon {unknown}

Dungeon Overview and Level Annotations

Branches:
Dungeon (1/15)

Altars:


Message History

The bat is moderately wounded.
The bat hits you but does no damage. The kobold completely misses you.
The frilled lizard closely misses you. The kobold hits you with a +0 whip.
The frilled lizard barely misses you.
You shoot a sling bullet. The sling bullet hits the kobold.
The kobold is severely wounded.
The bat hits you but does no damage. The kobold hits you but does no damage.
The frilled lizard bites you but does no damage.
You shoot a sling bullet.
The sling bullet barely misses the kobold.
The bat hits you. The kobold hits you with a +0 whip.
The frilled lizard bites you but does no damage.
The bat closely misses you.
You shoot a sling bullet.
The sling bullet barely misses the kobold.
The bat barely misses you. The kobold barely misses you.
The frilled lizard closely misses you.
The frilled lizard bites you but does no damage.
The frilled lizard barely misses you. x2; The kobold barely misses you.
You shoot a sling bullet.
The sling bullet barely misses the kobold.
The bat closely misses you. The kobold misses you.
The frilled lizard barely misses you.
The frilled lizard bites you but does no damage.
You shoot a sling bullet.
The sling bullet completely misses the kobold.
The bat hits you but does no damage. x2; The kobold hits you with a +0 whip.
The frilled lizard bites you. x2
You shoot a sling bullet. The sling bullet misses the kobold.
The bat barely misses you. The kobold hits you with a +0 whip.
The frilled lizard closely misses you. The frilled lizard barely misses you.
You shoot a sling bullet. The sling bullet hits the kobold.
You kill the kobold!
The bat hits you but does no damage.
The frilled lizard bites you but does no damage. x2
The bat hits you but does no damage. The frilled lizard barely misses you.
The frilled lizard closely misses you.
You shoot a sling bullet. The sling bullet barely misses the bat.
The bat hits you but does no damage. The frilled lizard bites you.
You die...

+...<...+ #. #.......#
#. ##.....## ##..
###+### #.... # #.#..# .
......# .# ##....####
#### #..#.)@..# #..#
#..ll.## ##.. #...b.###
##. .....#....## ## .#
#..
..##..##.#%.####...###.#
. #.# #.##.............
..###.....##########.
.#............## #.
..##..#####..#### #.


You could see a bat and 2 frilled lizards.

Vanquished Creatures
  3 bats (D:1)
  An endoplasm (D:1)
  A goblin (D:1)
  A hobgoblin (D:1)
  2 kobolds (D:1)
  A quokka (D:1)
  2 rats (D:1)
11 creatures vanquished.

Notes
Turn   | Place    | Note
-------+----------+-------------------------------------------
     0 | D:1      | qw the Gargoyle Hexslinger began the quest for the Orb.
     0 | D:1      | Reached XP level 1. HP: 12/12 MP: 2/2
     0 | D:1      | 0 ||| qw: Version: 0.3-a-51-g015441d
     0 | D:1      | 0 ||| qw: Game counter: 4168
     0 | D:1      | 0 ||| qw: Melee chars always use a shield: true
     0 | D:1      | 0 ||| qw: God list: Okawaru
     0 | D:1      | 0 ||| qw: Allow faded altars: false
     0 | D:1      | 0 ||| qw: Do Orc after clearing Dungeon:15 true
     0 | D:1      | 0 ||| qw: Do second Lair branch before Depths: true
     0 | D:1      | 0 ||| qw: Lair rune preference: random
     0 | D:1      | 0 ||| qw: Goals: Normal
     0 | D:1      | 0 ||| PLANNING D:1-11
    22 | D:1      | Found a faded altar of an unknown god.
    81 | D:1      | Reached XP level 2. HP: 16/16 MP: 3/3
   113 | D:1      | HP: 1/16 [kobold/+0 whip (4)]
   115 | D:1      | Slain by a frilled lizard

Levels and vault maps discovered:
D:1:      dpeg_arrival_another_circle, layout_rooms,
          ebering_ecumenical_altar_sacrificial

Action                     || total
---------------------------++-------
   Fire: Sling             ||    27
 Armour: Robe              ||    18
  Dodge: Dodged            ||    21

Table legend:
 A = Non-vault XP
 B = Vault XP
 C = Vault XP percentage of total XP
 D = Non-vault monster count
 E = Vault monster count
 F = Vault count percentage of total count
                 A         B        C        D         E       F
            +---------+---------+-------+---------+---------+-------
      Total |      17 |       0 |   0.0 |      11 |       0 |   0.0
            +---------+---------+-------+---------+---------+-------
        D:1 |      17 |       0 |   0.0 |      11 |       0 |   0.0
            +---------+---------+-------+---------+---------+-------
